 Seeded DCSS version 0.30-a0-250-g41c1d76940 (webtiles) character file.

Game seed: 11836800648259413034 (custom seed)

23 hikkokomori the Gusty (level 3, 24/24 HPs)
             Began as a Barachi Air Elementalist on Oct 13, 2022.
             Got out of the dungeon alive.
             The game lasted 00:03:55 (769 turns).

hikkokomori the Gusty (Barachi Air Elementalist)     Turns: 769, Time: 00:03:55

Health: 24/24      AC:  3    Str:  9    XL:     3   Next: 0%
Magic:  6/6        EV: 12    Int: 17    God:
Gold:   1607       SH:  0    Dex: 12    Spells: 5/6 levels left

rFire   . . .      SeeInvis .    (no weapon)
rCold   . . .      Faith    .    (no shield)
rNeg    . . .      Spirit   .    a - +0 robe
rPois   .          Reflect  .    (no helmet)
rElec   .          Harm     .    g - +0 cloak
rCorr   .          Rampage  .    (no gloves)
Will    .....                    (no boots)
Stlth   ++........               (no amulet)
HPRegen 0.24/turn                (no ring)
MPRegen 0.10/turn                (no ring)

@: slow
A: amphibious, slowness 1, strong legs 1, +LOS
a: Hop


You escaped.
You visited 1 branch of the dungeon, and saw 1 of its levels.

You collected 1607 gold pieces.

Inventory:

Armour
 a - a +0 robe (worn)
 e - a +0 buckler
 g - a +0 cloak (worn)
Scrolls
 h - a scroll of acquirement
Potions
 b - a potion of magic
 c - 2 potions of brilliance {unknown}
 d - a potion of flight {unknown}
 f - a potion of heal wounds {unknown}


   Skills:
 + Level 2.5 Dodging
 + Level 2.1 Stealth
 + Level 2.4 Spellcasting
 + Level 1.6 Conjurations
 + Level 3.5 Air Magic


You had 5 spell levels left.
You knew the following spells:

 Your Spells              Type           Power      Damage    Failure   Level
a - Shock                 Conj/Air       40%        1d5       6%          1

Your spell library contained the following spells:

 Spells                   Type           Power      Damage    Failure   Level
 Static Discharge         Conj/Air       20%        2-3/arc   10%         2
 Swiftness                Air            14%        N/A       13%         3
 Vhi's Electric Charge    Tloc/Air       16%        N/A       26%         3
 Sublimation of Blood     Necr           2%         N/A       28%         2
 Airstrike                Air            7%         2d(1-17)  38%         4
 Arcjolt                  Conj/Air       5%         1d15      87%         5
 Lightning Bolt           Conj/Air       5%         1d17      87%         5
 Petrify                  Tmut/Erth      2%         N/A       88%         4
 Irradiate                Conj/Tmut      2%         3d12      98%         5


Dungeon Overview and Level Annotations

Branches:
Dungeon (1/15)

Altars:


Innate Abilities, Weirdness & Mutations

You are amphibious.
You cover ground slowly.
You can hop short distances.
You have an extended range of vision and can be seen from far away.


Message History

You don't know that spell.
Key pressed, stopping explore.
Unknown command.
A ball python comes into view.
Unknown command.
A ball python is nearby!
A ball python is nearby!
Unknown command.
A ball python is nearby!
Unknown command.
Casting: Shock (safe; 8% risk of failure)
Confirm with . or Enter, or press ? or * to list all spells.
Aiming: Shock (safe; 8% risk of failure)
Press: ? - help, Shift-Dir - straight line, f - ball python
Aim: a ball python (asleep, 100% to hit)
The zap hits the ball python.
The ball python is heavily wounded.
The ball python hisses angrily.
Casting: Shock (safe; 8% risk of failure)
Confirm with . or Enter, or press ? or * to list all spells.
Aiming: Shock (safe; 8% risk of failure)
Press: ? - help, Shift-Dir - straight line, f/p - ball python
Aim: a ball python (moderately wounded, 64% to hit)
The zap hits the ball python.
You kill the ball python!
You have reached level 3!
Your experience leads to an increase in your attributes!
Increase (S)trength, (I)ntelligence, or (D)exterity?
You feel clever. x2
This is a scroll of acquirement!
Something appears at your feet!
You now have 630 gold pieces (gained 553).
Something appears at your feet!
You now have 1607 gold pieces (gained 977).
Found 4 stones.
There is an open door here.
There is a staircase leading out of the dungeon here.
You can't go down here!
Are you sure you want to leave the Dungeon?
This will make you lose the game!
You have escaped!

.###......#############....#
.###......#...#...#...#.##.#
......###.#.......#...+.##†#
.###......#...#...#...####.#####
.# #......##.###.###.###...#...##
.# #......##.# #.# #.##.........#
.###......##.###.###.##..........
......#..##...#...#...#..........
.###..##.##...#.@.#...#..........
.# #...#.##...#...#...#.........#
.# ##.....##.###.###.##....#...##
. ##.....##.# #.# #.##.#########
. #......##.###.###.##.##.......
. #....#.#...#...#...#.##.......
.###......'...#.......#..........
..##..##..#...#...#...#..........
..##..#...#############..........


There were no monsters in sight!

Vanquished Creatures
  A dart slug (D:1)
  An endoplasm (D:1)
  A giant cockroach (D:1)
  A goblin (D:1)
  3 hobgoblins (D:1)
  A quokka (D:1)
  3 ball pythons (D:1)
  3 bats (D:1)
  2 frilled lizards (D:1)
  A kobold (D:1)
  4 rats (D:1)
21 creatures vanquished.

Notes
Turn   | Place    | Note
-------+----------+-------------------------------------------
     0 | D:1      | hikkokomori the Barachi Air Elementalist began the quest
                  | for the Orb.
     0 | D:1      | Reached XP level 1. HP: 13/13 MP: 3/3
   223 | D:1      | Reached XP level 2. HP: 17/19 MP: 1/5
   721 | D:1      | Reached XP level 3. HP: 24/24 MP: 3/6
   721 | D:1      | Identified 3 scrolls of acquirement
   721 | D:1      | Acquired 553 gold pieces
   723 | D:1      | Acquired 977 gold pieces
   769 | D:$      | Got out of the dungeon alive.

Illustrated notes

Levels and vault maps discovered:
D:1:      minmay_arrival_nine_rooms, layout_rooms,
          dreamdust_ecumenical_altar_hidden_monk_grotto

Skill      XL: |  1  2 |
---------------+-------+-----
Stealth        | 2 |  2.1
Dodging        | |  2.5
Spellcasting   | |  2.4
Conjurations   | |  1.6
Air Magic      | |  3.5

Action                   || total
-------------------------++-------
Melee: Unarmed           ||    15
 Cast: Shock             ||    37
 Abil: Hop               ||     1
  Use: Scroll            ||     2
Armor: Robe              ||     7
Dodge: Dodged            ||    19

Table legend: (Time is in decaauts)
 A = Elapsed time spent in this place.
 B = Non-inter-level travel time spent in this place.
 C = Inter-level travel time spent in this place.
 D = Time resting spent in this place.
 E = Time spent auto-exploring this place.
 F = Levels seen in this place.
 G = Mean time per level.
                   A        B        C        D        E       F      G
               +--------+--------+--------+--------+--------+-----+--------+
         Total |    850 |    752 |     98 |     36 |    443 |   1 |  850.0 |
       Dungeon |    850 |    752 |     98 |     36 |    443 |   1 |  850.0 |
               +--------+--------+--------+--------+--------+-----+--------+

Top non-repeatable levels by time:
     D:1: 850 daAuts
